Map: Central Protocol

Players

Frozzen - Winner!

  • Race: Zerg Zerg
  • League: Diamond

Zalot

  • Race: Protoss Protoss
  • League: Gold

VOD

Have the link to the VOD?

Description

Time

  • Played on: Nov. 20, 2015, 11:45 a.m.
  • Length: 6:51
Show
View Real Time Build Order
Export as new Build Order

Frozzen Zerg - Winner!

Build Orders: Pool First 

Get SALT Encoding   

  12  0:01  Drone  
  13  0:08  Drone  
  14  0:15  Extractor  
  14  0:16  Drone  
  14  0:32  Spawning Pool  
  14  0:35  Drone  
  14  0:43  Drone, Extractor  
  15  0:57  Overlord  
  15  1:19  Queen  
  15  1:20  Zergling x4  
  15  1:21  Metabolic Boost  
  15  1:25  Zergling x2  
  20  1:31  Zergling x2  
  21  1:41  Zergling x2  
  22  1:55  Hatchery  
  22  2:01  Overlord  
  21  2:09  Drone  
  19  2:43  Zergling x4  
  19  2:44  Zergling x6  
  22  3:09  Queen  
  22  3:10  Zergling x2  
  22  3:11  Zergling x4  
  27  3:16  Drone  
  27  3:17  Drone x3  
  31  3:24  Drone  
  32  3:27  Overlord  
  32  3:35  Queen  
  32  3:38  Drone  
  35  3:52  Overlord x2  
  35  3:56  Drone  
  35  3:57  Roach Warren, Drone x2  
  35  3:59  Drone  
  38  4:05  Overlord  
  38  4:11  Overlord  
  38  4:38  Roach x7  
  52  4:44  Roach  
  54  4:46  Roach  
  56  4:57  Extractor  
  56  4:58  Zergling x2  
  56  4:59  Zergling x8  
  60  5:15  Zergling x6  
  60  5:16  Zergling x6  
  66  5:29  Ravager  
  66  5:30  Ravager  
  66  5:32  Zergling x10  
  73  5:39  Roach  
  73  5:41  Overlord  
  75  5:49  Overlord  
  56  6:31  Roach x7  
Show
View Real Time Build Order
Export as new Build Order

Zalot Protoss 

Build Orders:  

Get SALT Encoding   

  12  0:01  Probe (Chrono Boost)  
  13  0:12  Probe (Chrono Boost)  
  14  0:24  Probe (Chrono Boost)  
  15  0:30  Pylon  
  15  0:35  Pylon  
  15  0:48  Probe (Chrono Boost)  
  16  0:51  Gateway  
  16  0:58  Probe (Chrono Boost)  
  16  1:00  Assimilator  
  17  1:09  Probe (Chrono Boost)  
  18  1:18  Gateway  
  18  1:21  Probe (Chrono Boost)  
  19  1:32  Probe (Chrono Boost)  
  20  1:38  Cybernetics Core  
  22  1:40  Zealot (Chrono Boost)  
  22  1:42  Probe (Chrono Boost)  
  23  1:50  Forge  
  23  2:02  Pylon  
  23  2:04  Zealot (Chrono Boost)  
  25  2:13  Zealot (Chrono Boost)  
  27  2:17  Mothership Core (Chrono Boost)  
  25  3:12  Photon Cannon  
  25  3:15  Assimilator  
  25  3:18  Photon Cannon  
  26  3:20  Probe (Chrono Boost)  
  26  3:23  Pylon  
  26  3:28  Protoss Ground Weapons Level 1  
  26  3:30  Probe (Chrono Boost)  
  26  3:33  Sentry  
  29  3:36  Adept, Nexus  
  31  3:57  Probe (Chrono Boost)  
  31  3:59  Stalker  
  31  4:02  Warp Gate (Chrono Boost)  
  34  4:19  Gateway  
  34  4:23  Twilight Council  
  34  4:25  Zealot  
  34  4:29  Adept  
  38  4:32  Photon Cannon  
  38  4:36  Assimilator  
  38  4:38  Probe  
  39  4:51  Probe  
  38  5:25  Probe  
  38  5:26  Probe  
  40  5:35  Probe  
  40  5:38  Probe  
  42  5:46  Probe, Assimilator  
  43  5:50  Probe  
  43  5:56  Probe  
  44  6:03  Probe  
  44  6:07  Probe  
  39  6:15  Probe  
  38  6:21  Zealot  
Tags
 
Add a new tag
Caveats
  • Supply blocks, unpowered buildings, or Contaminate may cause inaccurate times.
  • Supply counts are checked every 10 seconds.